 Dungeon Crawl Stone Soup version 0.22-a0-469-gf26638a (webtiles) character file.

12 4thArraOfDagon the Ruffian (level 2, -6/29 HPs)
             Began as a Troll Monk on June 13, 2018.
             Mangled by an ogre
             ... wielding a +0 giant club
              (12 damage)
             ... on level 5 of the Dungeon.
             The game lasted 00:01:01 (191 turns).

4thArraOfDagon the Ruffian (Troll Monk)              Turns: 191, Time: 00:01:02

Health: -6/29      AC:  5    Str: 18    XL:     2   Next: 20%
Magic:  1/1        EV: 10    Int:  6    God:
Gold:   20         SH:  0    Dex: 12    Spells: 1/1 levels left

rFire    . . .     SeeInvis .     - Unarmed
rCold    . . .     Gourm    +   (no shield)
rNeg     . . .     Faith    .   a - +0 robe
rPois    .         Spirit   .   (helmet restricted)
rElec    .         Reflect  .   (no cloak)
rCorr    .         Harm     .   (gloves unavailable)
MR       .....                  (boots unavailable)
Stlth    ++........             (no amulet)
HPRegen  0.49/turn              (no ring)
MPRegen  0.07/turn              (no ring)

@: no status effects
A: large, unfitting armour, claws 3, fast metabolism 3, gourmand, regeneration
1, shaggy fur 1, tough skin 2
a: no special abilities


You were on level 5 of the Dungeon.
You were very full.

You visited 1 branch of the dungeon, and saw 4 of its levels.

You collected 20 gold pieces.

Inventory:

Armour
 a - a +0 robe (worn)
Scrolls
 c - a scroll of magic mapping {unknown}
Comestibles
 b - 4 rations


   Skills:
 + Level 2.5 Fighting
 + Level 2.6 Dodging
 - Level 1.0 Stealth
 * Level 3.3 Unarmed Combat


You had one spell level left.
You didn't know any spells.
Your spell library was empty.

Dungeon Overview and Level Annotations

Branches:
Dungeon (5/15)
 Temple: D:4-7

Altars:


Innate Abilities, Weirdness & Mutations

You are too large for most types of armour.
You have claws for hands.
Your metabolism is lightning-fast.
You like to eat raw meat.
Your natural rate of healing is unusually fast.
You are covered in fur. (AC +1)
You have very tough skin. (AC +2)


Message History

c - a scroll labeled YGONOR JEMEB WAIRGH
Found a quarterstaff.
You scratch the ogre but do no damage. The ogre hits you with a giant club!!
Ouch! That really hurt!
* * * LOW HITPOINT WARNING * * *
You claw the ogre!
The ogre is moderately wounded.
The ogre misses you.
Unknown command.
You scratch the ogre but do no damage.
The ogre is moderately wounded.
The ogre closely misses you.
Unknown command.
You aren't carrying any potions.
Unknown command.
Unknown command.
You closely miss the ogre.
The ogre is moderately wounded.
The ogre hits you with a giant club!
You die...

#####.# .# ##...#.##.#
..#)......#.#
............
.....≈≈....# .
......≈≈...####.#
.......≈≈.(...... .
..#...≈≈........#.#
.......≈O@..####..#
..#...............#
#.#.............#.
#.#...........###
#.#.....#.....###
#.###.###...........
###..##........######.
#........##....#
#.#.....##........


You could see an ogre.

Vanquished Creatures
  An adder skeleton (D:4)
  A worm (D:2)
  A ball python (D:4)
  A giant cockroach (D:5)
  A quokka (D:4)
  A bat (D:2)
  A rat (D:2)
7 creatures vanquished.

Vanquished Creatures (others)
  A frilled lizard (D:2)
1 creature vanquished.

Grand Total: 8 creatures vanquished

Notes
Turn   | Place    | Note
-------+----------+-------------------------------------------
     0 | D:1      | 4thArraOfDagon the Troll Monk began the quest for the Orb.
     0 | D:1      | Reached XP level 1. HP: 22/22 MP: 0/0
    27 | D:1      | You fall through a shaft!
   110 | D:2      | You fall through a shaft for 2 floors!
   118 | D:4      | Reached XP level 2. HP: 29/29 MP: 1/1
   145 | D:5      | Entered Level 5 of the Dungeon
   176 | D:5      | Noticed an ogre
   191 | D:5      | Mangled by an ogre

Vault maps used:
D:1:      lightli_arrival_flooded_house
D:2:      first_ration, minmay_randomly_rotated_circles
D:4:      grunt_dithmenos_smoke_and_mirrors, uniq_duvessa, uniq_grinder
D:5:      eat_drink_and_be_merry_uskayaw, dk_vineyard_3

Action                   || total
-------------------------++-------
Melee: Unarmed           ||    28
  Eat: Chunk             ||     5
Armor: Robe              ||    55
Dodge: Dodged            ||    71

Table legend:
 A = Spawn XP
 B = Non-spawn XP
 C = Spawn XP percentage of total XP
 D = Spawn monster count
 E = Non-spawn monster count
 F = Spawn count percentage of total count
 G = Total turns spent on level
                    A         B        C        D         E        F      G
               +---------+---------+-------+---------+---------+-------+---------
         Total |       0 |      18 |   0.0 |       0 |       7 |   0.0 |   191
               +---------+---------+-------+---------+---------+-------+---------
           D:2 |       0 |       7 |   0.0 |       0 |       3 |   0.0 |    83
           D:4 |       0 |       9 |   0.0 |       0 |       3 |   0.0 |    35
           D:5 |       0 |       2 |   0.0 |       0 |       1 |   0.0 |    46
               +---------+---------+-------+---------+---------+-------+---------
